 Dungeon Crawl Stone Soup version 0.32-a0-876-gcfddb08e57 (webtiles) character file.

Game seed: 5063851780019902789

10035 pokeman the Eclecticist (level 11, -1/61 HPs)
             Began as a Deep Elf Hedge Wizard on Mar 31, 2024.
             Was a Believer of Vehumet.
             Constricted to death by an anaconda simulacrum (3 damage)
             ... in an ice cave.
             The game lasted 00:27:40 (11087 turns).

pokeman the Eclecticist (Deep Elf Hedge Wizard)    Turns: 11087, Time: 00:27:41

Health: -1/61      AC:  7    Str:  7    XL:     11   Next: 30%
Magic:  27/32      EV:  7    Int: 24    God:    Vehumet [**....]
Gold:   1576       SH:  0    Dex: 20    Spells: 20/40 levels left

rFire   + . .        I - -2 demon whip (venom)
rCold   + . .        (no shield)
rNeg    . . .        C - +1 robe {rC+ rF+}
rPois   .            o - +1 hat
rElec   .            A - +0 cloak
rCorr   .            (no gloves)
SInv    .            b - +1 pair of boots {Fly}
Will    +....        u - amulet of magic regeneration
Stlth   +++          v - +6 ring of dexterity
HPRegen 0.30/turn    H - +5 ring of evasion
MPRegen 0.63/turn

%: no passive effects
@: flying, constricted
A: no striking features
a: Renounce Religion


You were in an ice cave.
You worshipped Vehumet.
Vehumet was pleased with you.
You visited 2 branches of the dungeon, and saw 13 of its levels.
You also visited: Sewer, Bailey and Ice Cave.

You collected 1741 gold pieces.
You spent 165 gold pieces at shops.

Inventory:

Hand Weapons
 q - a +0 whip of electrocution
 I - a -2 demon whip of venom (weapon)
Missiles
 a - a throwing net
Armour
 b - a +1 pair of boots of flying (worn)
 o - a +1 hat (worn)
 p - an orb of energy
 A - a +0 cloak (worn)
 C - a +1 robe of resistance (worn)
 G - the +1 leather armour "Jutouva" {rF+ Regen+ Str+3 Int+4}
   (You took it off a kobold in a bailey)

   Str+3:     It affects your strength (+3).
   Int+4:     It affects your intelligence (+4).
   rF+:       It protects you from fire.
   Regen+:    It increases your rate of health regeneration.
Magical Staves
 E - a staff of cold
 F - a staff of fire
Jewellery
 u - an amulet of magic regeneration (around neck)
 v - a +6 ring of dexterity (left hand)
 x - a ring of flight
 H - a +5 ring of evasion (right hand)
 J - a ring of protection from fire
Wands
 w - a wand of acid (11)
 D - a wand of iceblast (3)
 L - a wand of flame (12)
 M - a wand of polymorph (4)
Scrolls
 c - 5 scrolls of immolation {unknown}
 e - 4 scrolls of enchant weapon {unknown}
 i - 3 scrolls of revelation {unknown}
 j - 4 scrolls of amnesia {unknown}
 k - 2 scrolls of fog {unknown}
 m - 3 scrolls of identify {unknown}
 n - 8 scrolls of teleportation
 s - a scroll of vulnerability {unknown}
 t - 3 scrolls of blinking {unknown}
 y - a scroll of fear {unknown}
Potions
 d - 2 potions of magic
 f - 6 potions of enlightenment
 g - 6 potions of curing
 h - 4 potions of heal wounds
 l - 3 potions of attraction {unknown}
 r - 3 potions of mutation
 z - a potion of cancellation {unknown}
 B - 3 potions of ambrosia {unknown}
 K - 4 potions of brilliance {unknown}
 N - a potion of resistance {unknown}


   Skills:
 - Level 4.0 Fighting
 + Level 4.8 Armour
 - Level 3.0 Dodging
 - Level 3.0 Stealth
 * Level 15.0 Spellcasting
 + Level 8.8 Conjurations
 - Level 1.0 Hexes
 - Level 1.1 Summonings
 - Level 2.0 Necromancy
 - Level 1.1 Translocations
 + Level 2.6 Fire Magic
 + Level 6.8 Ice Magic
 - Level 1.0 Air Magic
 - Level 1.0 Earth Magic
 - Level 2.0 Alchemy
 - Level 1.1 Evocations


You had 20 spell levels left.
You knew the following spells:

 Your Spells              Type           Power      Damage    Failure   Level
a - Magic Dart            Conj           100%       1d8       1%          1
b - Mephitic Cloud        Conj/Alch/Air  37%        N/A       1%          3
c - Call Imp              Summ           46%        N/A       3%          2
d - Blink                 Tloc           46%        N/A       3%          2
e - Stone Arrow           Conj/Erth      82%        3d12      1%          3
f - Metabolic Englaciati  Hex/Ice        18%        N/A       17%         5
g - Flame Wave            Conj/Fire      45%        2d12      3%          4

Your spell library contained the following spells:

 Spells                   Type           Power      Damage    Failure   Level
 Mercury Vapours          Alch/Air       50%        N/A       2%          2
 Sandblast                Erth           44%        2d11      1%          1
 Slow                     Hex            88%        N/A       1%          1
 Ensorcelled Hibernation  Hex/Ice        74%        N/A       1%          2
 Scorch                   Fire           60%        2d7       1%          2
 Dazzling Flash           Conj/Hex       82%        N/A       1%          3
 Frozen Ramparts          Ice            100%       1d16      1%          3
 Ozocubu's Armour         Ice            50%        N/A       1%          3
 Cigotuvi's Dreadful Rot  Necr/Alch/Air  52%        N/A       2%          2
 Volatile Blastmotes      Fire/Tloc      52%        2d14      4%          3
 Brom's Barrelling Bould  Conj/Erth      41%        2d6       4%          4
 Leda's Liquefaction      Alch/Erth      12%        N/A       17%         4
 Petrify                  Alch/Erth      25%        N/A       17%         4
 Curse of Agony           Necr           27%        N/A       36%         5
 Starburst                Conj/Fire      22%        6d8       43%         6
 Silence                  Hex/Air        11%        N/A       50%         5
 Summon Forest            Summ/Tloc      11%        N/A       50%         5
 Sculpt Simulacrum        Ice/Alch       19%        N/A       61%         6
 Eringya's Noxious Bog    Alch           14%        4d6       90%         6
 Summon Cactus Giant      Summ           11%        N/A       97%         6
 Summon Hydra             Summ           11%        N/A       100%        7


Dungeon Overview and Level Annotations

Branches:
Dungeon (12/15)            Temple (1/1) D:5            Lair (0/5) D:8
    Orc (0/2) D:12          Sewer (visited)          Bailey (visited)
  IceCv (1/1)

Altars:
Ashenzari
Cheibriados
Dithmenos
Elyvilon
Fedhas
Gozag
Hepliaklqana
Kikubaaqudgha
Makhleb
Nemelex Xobeh
Okawaru
Qazlal
Ru
Sif Muna
Trog
Uskayaw
Vehumet
Wu Jian
Xom
Yredelemnul
Zin
The Shining One

Shops:
D:5 :   D:7 !


Message History

The bolt of cold misses you.
A wave of flame ripples out!
The flame wave engulfs the ice statue!
The ice statue melts!
You destroy the ice statue!
Vehumet accepts your kill.
You finish channelling waves of flame.
Your Spellcasting skill increases to level 15!
Unknown command.
n - 8 scrolls of teleportation (gained 1) HP restored.
You reach down and open the door.
There is an open door here.
You reach down and open the door.
An anaconda simulacrum comes into view.
The anaconda simulacrum bites you but does no damage.
Casting: Flame Wave (dangerous; 3% risk of failure)
Confirm with . or Enter, or press ? or * to list all spells.
Aiming: Stone Arrow (safe; 1% risk of failure)
Press: ? - help, Shift-Dir - straight line, f - anaconda simulacrum
Aim: an anaconda simulacrum (73% to hit)
The stone arrow hits the anaconda simulacrum!
The anaconda simulacrum is moderately damaged.
The anaconda simulacrum grabs you. The anaconda simulacrum bites you!
The anaconda simulacrum freezes you! You resist.
The anaconda simulacrum constricts you. The anaconda simulacrum bites you!
The anaconda simulacrum freezes you! You resist.
The anaconda simulacrum constricts you.
Casting: Stone Arrow (safe; 1% risk of failure)
Confirm with . or Enter, or press ? or * to list all spells.
Aiming: Stone Arrow (safe; 1% risk of failure)
Press: ? - help, Shift-Dir - straight line, f/p - anaconda simulacrum
Aim: an anaconda simulacrum (moderately damaged, constricting you, 73% to hit)
The stone arrow hits the anaconda simulacrum!!
The anaconda simulacrum is almost destroyed.
The anaconda simulacrum bites you!
* * * LOW HITPOINT WARNING * * *
The anaconda simulacrum freezes you! You resist.
* * * LOW HITPOINT WARNING * * *
The anaconda simulacrum constricts you.
You die...

#.ß...ß.#
+.......+
###.ß...ß.##
..........
#.ß...ß.#
+.......+
#.ß...ß.#
+.....@.+
#+#...#Z#
#...#.# #...###
#...# #
#...#+## #⌠
##'##[⌠# #
#.4#...#44###
#.####...####.#


You could see an anaconda simulacrum.

Vanquished Creatures
  Amaemon (D:8)
  Pikel (D:8)
  An ugly thing (D:9)
  Maurice (D:9)
  An orange demon (D:8)
  2 ice statues (IceCv)
  An ice devil (IceCv)
  A freezing wraith (D:9)
  4 slime creatures (D:12)
  Eustachio (D:5)
  11 yaks (D:9)
  A wraith (D:12)
  A water moccasin (D:5)
  An acid dragon (D:10)
  11 orc warriors
  A sky beast (D:6)
  An ice beast (D:7)
  3 ogres
  3 centaurs
  A brain worm (Sewer)
  3 bullfrogs
  A two-headed ogre simulacrum (IceCv)
  10 wights
  3 killer bees (D:10)
  3 howler monkeys
  5 bombardier beetles
  5 hounds
  A jelly (D:7)
  An orc priest (D:3)
  A gnoll bouda (D:9)
  A sleepcap (D:5)
  3 iguanas
  Natasha (thrice) (D:3)
  6 orc wizards
  4 troll simulacra (D:12)
  3 spriggan simulacra
  2 wolf simulacra (D:12)
  11 gnolls
  11 adders
  A naga simulacrum (IceCv)
  4 river rats
  2 shadow imps (D:5)
  A white imp (IceCv)
  6 dart slugs
  4 ribbon worms
  34 orcs
  8 ball pythons
  8 bats
  8 endoplasms
  A giant cockroach (D:1)
  12 goblins
  14 hobgoblins
  10 jackals
  7 quokkas
  4 frilled lizards
  16 kobolds
  5 rats
270 creatures vanquished.

Vanquished Creatures (collateral kills)
  Ijyb (D:4)
  A goblin (D:3)
  A quokka (D:2)
3 creatures vanquished.

Grand Total: 273 creatures vanquished

Notes
Turn   | Place    | Note
-------+----------+-------------------------------------------
     0 | D:1      | pokeman the Deep Elf Hedge Wizard began the quest for the
                  | Orb.
     0 | D:1      | Reached XP level 1. HP: 10/10 MP: 7/7
   236 | D:1      | Found a faded altar of an unknown god.
   244 | D:1      | Got Plato's Meditations on Tephra
   325 | D:1      | Reached XP level 2. HP: 15/15 MP: 4/9
  1118 | D:2      | Reached skill level 5 in Spellcasting
  1148 | D:2      | Reached XP level 3. HP: 20/20 MP: 5/11
  1152 | D:2      | Learned a level 3 spell: Mephitic Cloud
  1155 | D:2      | Learned a level 2 spell: Call Imp
  1158 | D:2      | Learned a level 2 spell: Blink
  1198 | D:2      | Found an iron altar of Okawaru.
  1569 | D:2      | Reached skill level 1 in Armour
  1640 | D:2      | Reached skill level 1 in Fighting
  2435 | D:3      | Found a faded altar of an unknown god.
  2548 | D:3      | Found a burning altar of Makhleb.
  2713 | D:3      | Reached XP level 4. HP: 25/25 MP: 6/13
  3064 | D:3      | Noticed Natasha
  3077 | D:3      | Killed Natasha
  3094 | D:3      | Reached skill level 6 in Spellcasting
  3094 | D:3      | Reached XP level 5. HP: 29/29 MP: 5/15
  3398 | D:3      | Noticed Natasha
  3419 | D:3      | Killed Natasha
  3420 | D:3      | Reached skill level 1 in Air Magic
  3489 | D:3      | Noticed Natasha
  3497 | D:3      | Killed Natasha
  3703 | D:4      | Reached skill level 1 in Alchemy
  3730 | D:4      | Found a glowing drain.
  3743 | D:4      | Reached XP level 6. HP: 34/34 MP: 6/17
  3810 | Sewer    | Entered a sewer
  4078 | Sewer    | Reached skill level 7 in Spellcasting
  4889 | D:4      | Reached XP level 7. HP: 29/40 MP: 10/20
  5077 | D:4      | Noticed Ijyb
  5105 | D:4      | Killed Ijyb
  5217 | D:4      | Reached skill level 8 in Spellcasting
  5440 | D:5      | Entered Level 5 of the Dungeon
  5446 | D:5      | Found Ymnuten's Tiny Tomes.
  6073 | D:5      | Noticed Eustachio
  6109 | D:5      | Killed Eustachio
  6110 | D:5      | Reached skill level 9 in Spellcasting
  6110 | D:5      | Reached skill level 1 in Evocations
  6110 | D:5      | Reached XP level 8. HP: 33/44 MP: 23/23
  6116 | D:5      | Found an opulent altar of Gozag.
  6125 | D:5      | Found a shimmering blue altar of Sif Muna.
  6203 | D:5      | Found a staircase to the Ecumenical Temple.
  6235 | Temple   | Entered the Ecumenical Temple
  6469 | D:5      | Reached skill level 5 in Conjurations
  6824 | D:5      | Learned a level 5 spell: Metabolic Englaciation
  6984 | D:6      | Reached skill level 1 in Hexes
  7018 | D:6      | Reached skill level 10 in Spellcasting
  7132 | D:6      | Reached skill level 1 in Ice Magic
  7645 | D:6      | Learned a level 3 spell: Stone Arrow
  7979 | D:7      | Found a flagged portal.
  7997 | Bailey   | Entered a bailey
  8024 | Bailey   | Reached skill level 1 in Earth Magic
  8032 | Bailey   | Reached XP level 9. HP: 49/49 MP: 18/25
  8049 | Bailey   | Reached skill level 11 in Spellcasting
  8191 | Bailey   | Reached skill level 1 in Necromancy
  8320 | Bailey   | Identified the +1 leather armour "Jutouva" {rF+ Regen+
                  | Str+3 Int+4}
  8595 | D:7      | Found a radiant altar of Vehumet.
  8603 | D:7      | Became a worshipper of Vehumet
  8608 | D:7      | Found a snail-covered altar of Cheibriados.
  8627 | D:7      | Found an ornate altar of the Wu Jian Council.
  8673 | D:7      | Found Dyobiky's Distillery.
  8686 | D:7      | Bought a potion of curing for 45 gold pieces
  8686 | D:7      | Bought a potion of heal wounds for 75 gold pieces
  8686 | D:7      | Bought a potion of curing for 45 gold pieces
  9073 | D:8      | Noticed Pikel
  9085 | D:8      | Killed Pikel
  9086 | D:8      | Reached skill level 12 in Spellcasting
  9136 | D:8      | Noticed Amaemon
  9138 | D:8      | Noticed an orange demon
  9153 | D:8      | Killed Amaemon
  9154 | D:8      | Reached XP level 10. HP: 39/56 MP: 14/28
  9158 | D:8      | Killed an orange demon
  9407 | D:8      | Found a staircase to the Lair.
  9566 | D:8      | Reached skill level 13 in Spellcasting
  9579 | D:8      | Found a hazy altar of Hepliaklqana.
  9771 | D:9      | Reached skill level 5 in Ice Magic
  9832 | D:9      | Reached * piety under Vehumet
  9832 | D:9      | Offered knowledge of Kiss of Death by Vehumet.
  9869 | D:9      | Reached skill level 14 in Spellcasting
 10074 | D:9      | Identified the +0 robe of the Bedazzled God {Regen+ Str+3
                  | Int-3}
 10342 | D:9      | Got the Compendium of the Stag
 10410 | D:9      | Noticed Maurice
 10433 | D:9      | Killed Maurice
 10434 | D:9      | Reached skill level 1 in Fire Magic
 10501 | D:9      | Noticed a red ugly thing
 10509 | D:9      | Killed a red ugly thing
 10510 | D:9      | Reached XP level 11. HP: 61/61 MP: 20/31
 10622 | D:10     | Entered Level 10 of the Dungeon
 10684 | D:10     | Found a sacrificial altar of Ru.
 10735 | D:10     | You are sucked into a shaft and drop 2 floors!
 10766 | D:12     | Learned a level 4 spell: Flame Wave
 10773 | D:12     | Found a frozen archway.
 10788 | D:12     | Offered knowledge of Mercury Vapours by Vehumet.
 10797 | D:12     | Reached ** piety under Vehumet
 10907 | D:12     | Identified the +0 robe of Bespelled Curiosity {rF+ Str+7}
 10908 | D:12     | Found a staircase to the Orcish Mines.
 10911 | IceCv    | Entered an ice cave
 11046 | IceCv    | Reached skill level 15 in Spellcasting
 11087 | IceCv    | HP: 2/61 [anaconda simulacrum (7)]
 11087 | IceCv    | Constricted to death by an anaconda simulacrum

Illustrated notes

Levels and vault maps discovered:
D:1:      erik_arrival_triangle_small, layout_loops_cross,
          shapermc_ecumenical_altar_rom_forum, chequers_serial_rivers_small_3
D:2:      layout_basic, basic_altar
D:3:      layout_basic, nicolae_overflow_ecumenical_swirl, uniq_natasha
D:4:      layout_basic, cheibrodos_sewer_entry_sluice, serial_curves,
          eino_curves_04, eino_curves_04, minmay_bisected, uniq_ijyb
D:5:      layout_loops_ring, minitemple, minmay_temple_entry_arrows,
          nicolae_zen_rock_garden, grunt_ministairs_11, minivault_27,
          serial_library_hellmonk_narrow_alcove,
          nicolae_shop_i_like_small_books_too, uniq_eustachio
D:6:      layout_basic
D:7:      layout_loops_ring, minmay_overflow_temple_star_quad, serial_glass,
          glass_columns_a, glass_columns_a, serial_shops, shop, enter_bailey_4,
          nicolae_tricolors
D:8:      layout_basic, worldfamousw_hep_ancestral_shrine, lair_entry_dummy,
          uniq_pikel, uniq_amaemon
D:9:      layout_stronghold, minmay_bent, uniq_maurice
D:10:     layout_basic, amcnicky_altar_gilded
D:11:     layout_grid_maze, palyth_stone_intersect, nrook_mini_vaults
D:12:     layout_gridville, minmay_orc_entry_temple_small,
          portal_ice_cave_entry_ice_simulacra, enter_trove_3
Temple:   compressed_dpeg_circular_temple
IceCv:    ice_cave_tombish

Skill      XL: |  1  2  3  4  5  6  7  8  9 10 11 |
---------------+----------------------------------+-----
Spellcasting   | 5 6 7 9 10 12 14 15 | 15.0
Armour         | 1 2 3 4 |  4.8
Fighting       | 1 2 4 |  4.0
Conjurations   | 2 3 4 5 7 8 |  8.8
Stealth        | 3 |  3.0
Dodging        | 3 |  3.0
Air Magic      | 1 |  1.0
Alchemy        | 1 2 |  2.0
Evocations     | 1 |  1.1
Hexes          | 1 |  1.0
Ice Magic      | 2 4 6 |  6.8
Earth Magic    | 1 |  1.0
Necromancy     | 2 |  2.0
Fire Magic     | 1 2 |  2.6
Summonings     | |  1.1
Translocations | |  1.1

Action                     |  1- 3 |  4- 6 |  7- 9 | 10-12 || total
---------------------------+-------+-------+-------+-------++-------
  Melee: Dagger            |    10 |     2 |    86 |     2 ||   100
         Whip              |       |    70 |    22 |       ||    92
         Demon whip        |       |       |       |    27 ||    27
   Cast: Magic Dart        |   124 |   113 |   158 |    40 ||   435
         Call Imp          |     1 |     3 |     5 |     1 ||    10
         Mephitic Cloud    |       |    19 |    23 |     7 ||    49
         Blink             |       |       |     2 |     1 ||     3
         Stone Arrow       |       |       |    49 |    90 ||   139
         Flame Wave        |       |       |       |    10 ||    10
    Use: Scroll            |       |       |       |     1 ||     1
   Stab: Sleeping          |       |     1 |       |       ||     1
         Confused          |       |     4 |    16 |     5 ||    25
         Distracted        |       |     1 |       |       ||     1
 Armour: Robe              |    22 |    56 |    74 |    14 ||   166
         Leather armour    |       |       |    17 |    16 ||    33
  Dodge: Dodged            |    25 |    78 |    74 |    51 ||   228

Table legend: (Time is in decaauts)
 A = Elapsed time spent in this place.
 B = Non-inter-level travel time spent in this place.
 C = Inter-level travel time spent in this place.
 D = Time resting spent in this place.
 E = Time spent auto-exploring this place.
 F = Levels seen in this place.
 G = Mean time per level.
                   A        B        C        D        E       F      G
               +--------+--------+--------+--------+--------+-----+--------+
         Total |  11302 |  11009 |    293 |    335 |   8493 |  16 |  706.4 |
       Dungeon |   9583 |   9290 |    293 |    264 |   7237 |  12 |  798.6 |
        Temple |      1 |      1 |      0 |      0 |      0 |   1 |    1.0 |
         Sewer |    990 |    990 |      0 |      0 |    864 |   1 |  990.0 |
        Bailey |    550 |    550 |      0 |     48 |    303 |   1 |  550.0 |
      Ice Cave |    175 |    175 |      0 |     23 |     87 |   1 |  175.0 |
               +--------+--------+--------+--------+--------+-----+--------+

Top non-repeatable levels by time:
     D:5: 1444 daAuts
     D:2: 1311 daAuts
     D:3: 1155 daAuts
     D:1: 1100 daAuts
     D:4: 1085 daAuts
   Sewer: 990 daAuts
     D:6: 909 daAuts
     D:9: 859 daAuts
     D:8: 729 daAuts
     D:7: 695 daAuts
  Bailey: 550 daAuts
   IceCv: 175 daAuts
    D:12: 115 daAuts
    D:10: 112 daAuts
    D:11: 64 daAuts
